 Dungeon Crawl Stone Soup version 0.29-a0-483-g69413ace17 (webtiles) character file.

Game seed: 13507062864680994279

108 xian the Slasher (level 4, -2/37 HPs)
             Began as a Palentonga Fighter on May 25, 2022.
             Killed by divine providence
             ... invoked by an orc priest
              (10 damage)
             ... on level 4 of the Dungeon.
             The game lasted 00:05:23 (2095 turns).

xian the Slasher (Palentonga Fighter)               Turns: 2095, Time: 00:05:24

Health: -2/37      AC:  9    Str: 22    XL:     4   Next: 58%
Magic:  4/4        EV:  7    Int:  8    God:
Gold:   127        SH:  4    Dex:  9    Spells: 3/3 levels left

rFire   . . .      SeeInvis +   a - +0 long sword
rCold   . . .      Faith    .   c - +0 buckler
rNeg    . . .      Spirit   .   b - +0 scale mail
rPois   .          Reflect  .   x - +0 helmet
rElec   .          Harm     .   (no cloak)
rCorr   .          Rampage  .   w - +0 pair of gloves
Will    .....                   (no barding)
Stlth   ..........              (no amulet)
HPRegen 0.12/turn               r - ring of flight
MPRegen 0.09/turn               (no ring)

@: flying
A: large, rugged brown scales 3, see invisible, deformed body, roll 1, armoured
tail
a: Rolling Charge


You were on level 4 of the Dungeon.
You visited 1 branch of the dungeon, and saw 4 of its levels.

You collected 127 gold pieces.

Inventory:

Hand Weapons
 a - a +0 long sword (weapon)
Armour
 b - a +0 scale mail (worn)
 c - a +0 buckler (worn)
 w - a +0 pair of gloves (worn)
 x - a +0 helmet (worn)
Jewellery
 r - a ring of flight (left hand)
Scrolls
 e - 3 scrolls of identify {unknown}
 g - 4 scrolls of teleportation {unknown}
 h - a scroll of magic mapping {unknown}
 i - a scroll of enchant weapon {unknown}
 k - a scroll of noise {unknown}
 l - a scroll of immolation {unknown}
 m - a scroll of poison {unknown}
 p - 2 scrolls of torment {unknown}
 s - 2 scrolls of amnesia {unknown}
 t - a scroll of summoning {unknown}
 u - a scroll of vulnerability {unknown}
Potions
 d - 2 potions of might
 f - 2 potions of berserk rage {unknown}
 j - 2 potions of lignification {unknown}
 n - 2 potions of haste {unknown}
 o - a potion of curing {unknown}
 q - a potion of degeneration {unknown}
 v - a potion of flight {unknown}


   Skills:
 + Level 3.4 Fighting
 + Level 3.5 Long Blades
 + Level 2.8 Armour
 + Level 0.7 Dodging
 + Level 3.2 Shields


You had 3 spell levels left.
You didn't know any spells.
Your spell library was empty.

Dungeon Overview and Level Annotations

Branches:
Dungeon (4/15)
 Temple: D:4-7

Altars:

Shops:
D:2 ?


Innate Abilities, Weirdness & Mutations

You are completely covered in rugged brown scales. (AC +3, +7% HP)
You have supernaturally acute eyesight. (SInv)
Armour fits poorly on your strangely shaped body.
You can roll at nearby foes to attack.
You have a long armoured tail.


Message History

You barely miss the orc. The orc hits you but does no damage.
You barely miss the orc.
You tail-slap the orc, but do no damage.
The orc hits you with a +0 flail.
You barely miss the orc. The orc barely misses you.
You barely miss the orc. The orc closely misses you.
The orc hits you but does no damage.
You closely miss the orc. The orc hits you with a +0 flail.
You hit the orc.
The orc is lightly wounded.
The orc hits you with a +0 flail.
You hit the orc. You tail-slap the orc.
You kill the orc!
You hit the orc priest but do no damage.
The orc priest completely misses you. The orc priest barely misses you.
You barely miss the orc priest.
You tail-slap the orc priest, but do no damage.
The orc priest hits you with a +0 short sword.
You hit the orc priest but do no damage.
You tail-slap the orc priest, but do no damage.
The orc priest hits you but does no damage.
You hit the orc priest.
Your tail-slap misses the orc priest.
The orc priest is moderately wounded.
The orc priest invokes the aid of Beogh against you.
Beogh smites you!
* * * LOW HITPOINT WARNING * * *
The orc priest hits you but does no damage.
You hit the orc priest but do no damage.
The orc priest is moderately wounded.
The orc priest hits you with a +0 short sword.
* * * LOW HITPOINT WARNING * * *
Unknown command.
You completely miss the orc priest. You tail-slap the orc priest.
The orc priest is severely wounded.
The orc priest hits you but does no damage.
You hit the orc priest but do no damage.
The orc priest is severely wounded.
The orc priest mumbles some strange prayers to Beogh against you.
Beogh smites you!
You die...

.# #.# #.# #.#
#.# ### #.#...
#########.#.##.#.
#.@ooo.....o.....
#.#######.####.#
#.#...<....o.o...
#.#####.######.#.
#. #.# #. #.# #.
#.# #. #?# ...


You could see an orc priest, an orc wizard (invisible) and an orc.

Vanquished Creatures
  An orc wizard (D:3)
  A worm (D:2)
  3 dart slugs
  6 orcs
  5 bats
  7 endoplasms
  3 giant cockroaches
  3 hobgoblins
  6 jackals
  2 quokkas
  6 ball pythons
  5 frilled lizards
  7 goblins
  5 kobolds
  A rat (D:1)
61 creatures vanquished.

Notes
Turn   | Place    | Note
-------+----------+-------------------------------------------
     0 | D:1      | xian the Palentonga Fighter began the quest for the Orb.
     0 | D:1      | Reached XP level 1. HP: 19/19 MP: 1/1
   144 | D:1      | Reached XP level 2. HP: 25/25 MP: 2/2
   646 | D:2      | Reached XP level 3. HP: 31/31 MP: 3/3
   775 | D:2      | Found Lacob's Magic Scroll Boutique.
  1627 | D:3      | Reached XP level 4. HP: 37/37 MP: 4/4
  1954 | D:3      | Found a faded altar of an unknown god.
  2095 | D:4      | Killed from afar by an orc priest

Illustrated notes

Levels and vault maps discovered:
D:1:      saegor_arrival_simple_c, layout_rooms
D:2:      layout_loops_ring, serial_shops, nicolae_shop_statue_plus,
          serial_park_tiny_1
D:3:      layout_basic, chequers_ecumenical_altar_twisty
D:4:      layout_basic, serial_shops, nicolae_shop_behind_doors,
          nicolae_shop_competitors_out_of_business, shop,
          nicolae_shop_bloodbath_and_beyond, shop

Skill      XL: |  1  2  3 |
---------------+----------+-----
Shields        | 3 |  3.2
Long Blades    | 3 |  3.5
Fighting       | |  3.4
Armour         | |  2.8
Dodging        | |  0.7

Action                   |  1- 3 |  4- 6 || total
-------------------------+-------+-------++-------
Melee: Long sword        |   142 |    47 ||   189
       Tailslap          |    14 |     9 ||    23
 Abil: Rolling Charge    |    42 |     2 ||    44
Armor: Scale mail        |    66 |    23 ||    89
Dodge: Dodged            |    60 |    14 ||    74
Block: Buckler           |    31 |     4 ||    35

Table legend: (Time is in decaauts)
 A = Elapsed time spent in this place.
 B = Non-inter-level travel time spent in this place.
 C = Inter-level travel time spent in this place.
 D = Time resting spent in this place.
 E = Time spent auto-exploring this place.
 F = Levels seen in this place.
 G = Mean time per level.
                   A        B        C        D        E       F      G
               +--------+--------+--------+--------+--------+-----+--------+
         Total |   2150 |   2113 |     37 |      0 |   1582 |   4 |  537.5 |
       Dungeon |   2150 |   2113 |     37 |      0 |   1582 |   4 |  537.5 |
               +--------+--------+--------+--------+--------+-----+--------+

Top non-repeatable levels by time:
     D:2: 767 daAuts
     D:3: 713 daAuts
     D:1: 638 daAuts
     D:4: 30 daAuts
